 Dungeon Crawl Stone Soup version 0.31.0-32-g396128a36d (webtiles) character file.

Game seed: 17160153711216969395

3423 starfall the Thaumaturge (level 9, 0/45 HPs)
             Began as a Deep Elf Conjurer on Mar 19, 2024.
             Was an Elder of Vehumet.
             Slain by a yak (1 damage)
             ... on level 8 of the Dungeon.
             The game lasted 00:13:03 (7632 turns).

starfall the Thaumaturge (Deep Elf Conjurer)        Turns: 7632, Time: 00:13:04

Health: 0/45       AC: 10    Str:  4    XL:     9   Next: 76%
Magic:  6/33       EV: 15    Int: 31    God:    Vehumet [****..]
Gold:   484        SH:  0    Dex: 11    Spells: 11/27 levels left

rFire   + + +        p - +2 dagger (flame)
rCold   x . .        (no shield)
rNeg    . . .        w - +1 robe {Will+}
rPois   .            (no helmet)
rElec   .            x - +0 cloak
rCorr   .            i - +0 pair of gloves
SInv    .            l - +0 pair of boots
Will    ++...        (no amulet)
Stlth   ++++         c - +4 ring of protection
HPRegen 0.27/turn    m - ring of Hiag {rF++ rC- MP+9 Int+3}
MPRegen 0.23/turn

%: no passive effects
@: no status effects
A: clumsy 1, fire resistance 1, strong-willed 1, MP-powered wands
a: Renounce Religion


You were on level 8 of the Dungeon.
You worshipped Vehumet.
Vehumet was greatly pleased with you.
You visited 1 branch of the dungeon, and saw 8 of its levels.
You also visited: Ossuary.

You collected 484 gold pieces.

Inventory:

Hand Weapons
 p - a +2 dagger of flaming (weapon)
 u - a +0 vampiric dagger
Missiles
 F - a throwing net
Armour
 a - a +0 robe
 e - a +0 cloak of preservation
 i - a +0 pair of gloves (worn)
 l - a +0 pair of boots (worn)
 w - a +1 robe of willpower (worn)
 x - a +0 cloak (worn)
Jewellery
 c - a +4 ring of protection (left hand)
 m - the ring of Hiag (right hand) {rF++ rC- MP+9 Int+3}
   (You acquired it on level 5 of the Dungeon)

   [ring of magical power]

   Int+3:     It affects your intelligence (+3).
   rF++:      It greatly protects you from fire.
   rC-:       It makes you vulnerable to cold.
   MP+9:      It affects your magic capacity (+9).
Scrolls
 f - 7 scrolls of teleportation
 g - 2 scrolls of silence
 k - 2 scrolls of vulnerability
 o - 2 scrolls of amnesia
 v - a scroll of revelation
 y - 3 scrolls of identify
 C - a scroll of immolation {unknown}
 D - 2 scrolls of poison {unknown}
 E - a scroll of butterflies {unknown}
Potions
 b - a potion of magic
 d - a potion of might {unknown}
 h - a potion of mutation
 j - a potion of enlightenment {unknown}
 n - 2 potions of ambrosia {unknown}
 q - 3 potions of heal wounds {unknown}
 r - a potion of berserk rage {unknown}
 s - 4 potions of curing {unknown}
 t - 2 potions of attraction {unknown}
 z - a potion of brilliance {unknown}
 A - 2 potions of lignification {unknown}
 B - a potion of degeneration {unknown}


   Skills:
 + Level 8.7 Dodging
 + Level 9.4 Stealth
 + Level 9.6 Spellcasting
 + Level 8.8 Conjurations


You had 11 spell levels left.
You knew the following spells:

 Your Spells              Type           Power      Damage    Failure   Level
a - Magic Dart            Conj           100%       1d8       1%          1
b - Searing Ray           Conj           100%       2d8       1%          2
c - Iskenderun's Mystic   Conj/Tloc      42%        2d10      1%          4
d - Fulminant Prism       Conj/Alch      21%        3d12      1%          4
e - Static Discharge      Conj/Air       84%        3-7/arc   1%          2
f - Stone Arrow           Conj/Erth      84%        3d12      1%          3

Your spell library contained the following spells:

 Spells                   Type           Power      Damage    Failure   Level
 Freeze                   Ice            56%        1d7       1%          1
 Hailstorm                Conj/Ice       42%        3d9       1%          3
 Frozen Ramparts          Ice            28%        1d5       3%          3
 Cigotuvi's Dreadful Rot  Necr/Alch/Air  28%        N/A       5%          2
 Freezing Cloud           Conj/Ice/Air   16%        6-21      8%          5
 Ignite Poison            Fire/Alch      14%        N/A       10%         4
 Gell's Gravitas          Tloc           14%        N/A       11%         3
 Summon Ice Beast         Ice/Summ       14%        N/A       11%         3
 Teleport Other           Tloc           14%        N/A       11%         3
 Tukima's Dance           Hex            14%        N/A       11%         3
 Yara's Violent Unravell  Hex/Alch       7%         3d5       24%         5
 Passage of Golubria      Tloc           14%        N/A       34%         4
 Dispersal                Tloc           7%         N/A       99%         6
 Sculpt Simulacrum        Ice/Alch       7%         N/A       99%         6


Dungeon Overview and Level Annotations

Branches:
Dungeon (8/15)             Temple (0/1) D:6         Ossuary (visited)
   Lair: D:8-11

Altars:
Kikubaaqudgha
Ru
Sif Muna
Uskayaw
Vehumet
Wu Jian
Yredelemnul


Innate Abilities, Weirdness & Mutations

You are clumsy. (Dex -2)
Your flesh is heat resistant. (rF+)
You are strong-willed. (Will+)
You expend magic power (3 MP) to strengthen your wands.


Message History

You kill the yak!
Vehumet accepts your kill.
Vehumet is now extending the range of your destructive spells.
The yak barely misses you. The yak gores you!
You are too injured to fight recklessly!
You hit the yak. You burn the yak.
The yak is lightly wounded.
The yak gores you.
You hit the yak but do no damage.
The yak is lightly wounded.
The yak gores you!
* * * LOW HITPOINT WARNING * * *
You hit the yak but do no damage.
The yak is lightly wounded.
The yak barely misses you.
Casting: Stone Arrow (safe; 1% risk of failure)
Confirm with . or Enter, or press ? or * to list all spells.
Aiming: Searing Ray (safe; 1% risk of failure)
Press: ? - help, Shift-Dir - straight line, f - yak
Aim: a yak (lightly wounded, 90% to hit)
The searing ray hits the yak.
The yak is lightly wounded.
The searing ray hits the yak!
The yak is heavily wounded. (Press . to maintain the ray.)
The yak gores you!
* * * LOW HITPOINT WARNING * * *
Unknown command.
The searing ray hits the yak!
The yak is heavily wounded.
The searing ray hits the yak.
The yak is severely wounded.
The yak barely misses you.
Unknown command.
It was a potion of mutation.
You feel extremely strange.
You feel resistant to heat.
You feel your magical essence link to the dungeon's wands.
You feel clumsy.
You feel strong-willed. The yak gores you.
You die...

## .. # #. ###. ### ##
#.#. #... ..# ##. #(#.
#.#.###.# ##.. #...
#.#.#.#.# ##...
...#..Y####.#...)>###....
......YY@........)).'....
...#..†####.##...)###....
#... #.##..#.# ##... ##.#
#.##.##.# ##.. #.
#.......# ##. ..
####.#### ## #. #.# # #.
#<########## #.##........


You could see 3 yaks.

Vanquished Creatures
  Sigmund (D:5)
  3 yaks (D:8)
  A steam dragon (D:7)
  Menkaure (Ossuary)
  Duvessa (D:4)
  2 ice beasts (D:6)
  3 black bears
  2 orc warriors
  An ogre (D:4)
  3 centaurs
  A kobold brigand (D:8)
  2 bullfrogs (D:7)
  A gnoll sergeant (D:8)
  A scorpion (D:5)
  Dowan (D:4)
  5 wights (D:8)
  2 orc priests
  2 bombardier beetles (D:4)
  4 hounds
  3 jellies (D:5)
  Crazy Yiuf (D:7)
  3 iguanas (D:6)
  6 orc wizards
  2 sleepcaps
  3 mummies (Ossuary)
  5 gnolls (D:8)
  3 adders (D:5)
  A shadow imp (D:6)
  2 white imps
  2 ufetubi (D:5)
  An adder skeleton (D:2)
  An adder zombie (D:2)
  A dart slug (D:3)
  2 ribbon worms
  13 orcs
  2 bats
  7 endoplasms
  A giant cockroach (D:1)
  4 gnoll zombies (Ossuary)
  4 goblins
  8 hobgoblins
  3 quokkas
  9 ball pythons
  A ball python skeleton (D:2)
  3 frilled lizards
  2 gnoll skeletons (Ossuary)
  3 goblin skeletons (Ossuary)
  5 goblin zombies
  5 hobgoblin skeletons (Ossuary)
  3 hobgoblin zombies (Ossuary)
  10 kobolds
  8 kobold skeletons (Ossuary)
  7 kobold zombies (Ossuary)
  2 orc skeletons (Ossuary)
  2 orc zombies (Ossuary)
  A quokka zombie (D:5)
  3 rats
  5 rat skeletons (Ossuary)
  5 rat zombies (Ossuary)
189 creatures vanquished.

Vanquished Creatures (others)
  3 fulminant prisms
3 creatures vanquished.

Grand Total: 192 creatures vanquished

Notes
Turn   | Place    | Note
-------+----------+-------------------------------------------
     0 | D:1      | starfall the Deep Elf Conjurer began the quest for the Orb.
     0 | D:1      | Reached XP level 1. HP: 10/10 MP: 6/6
   222 | D:1      | Reached XP level 2. HP: 15/15 MP: 6/8
   229 | D:1      | Learned a level 2 spell: Searing Ray
   491 | D:1      | You fall into a shaft and drop 1 floor!
   491 | D:2      | Found a faded altar of an unknown god.
   947 | D:2      | Reached XP level 3. HP: 19/19 MP: 5/10
  1919 | D:3      | Found an ancient bone altar of Kikubaaqudgha.
  1943 | D:3      | Reached XP level 4. HP: 9/24 MP: 4/12
  2033 | D:3      | Found a shimmering blue altar of Sif Muna.
  2064 | D:3      | Reached skill level 5 in Conjurations
  2120 | D:3      | Found a radiant altar of Vehumet.
  2163 | D:3      | Became a worshipper of Vehumet
  2374 | D:4      | Found a sacrificial altar of Ru.
  2391 | D:4      | Reached XP level 5. HP: 22/28 MP: 7/13
  2467 | D:4      | Noticed Dowan
  2467 | D:4      | Noticed Duvessa
  2477 | D:4      | Killed Duvessa
  2478 | D:4      | Reached skill level 5 in Spellcasting
  2478 | D:4      | Reached XP level 6. HP: 30/32 MP: 5/15
  2478 | D:4      | Killed Dowan
  2665 | D:4      | Reached skill level 5 in Stealth
  2774 | D:4      | Noticed a +0 short sword
  2776 | D:4      | Noticed a +0 falchion
  2778 | D:4      | Noticed a +0 spear
  2778 | D:4      | Noticed a +0 dagger
  2778 | D:4      | Noticed a +0 short sword
  2778 | D:4      | Noticed a +0 falchion
  2779 | D:4      | Noticed a +0 dagger
  2779 | D:4      | Noticed a +0 spear
  2787 | D:4      | Found a hide-covered altar of Uskayaw.
  2836 | D:4      | Reached skill level 5 in Dodging
  2836 | D:4      | Reached XP level 7. HP: 36/36 MP: 10/17
  2848 | D:4      | Learned a level 4 spell: Iskenderun's Mystic Blast
  2853 | D:4      | Learned a level 4 spell: Fulminant Prism
  3127 | D:5      | Entered Level 5 of the Dungeon
  3133 | D:5      | Identified a scroll of acquirement
  3140 | D:5      | Acquired the ring of Hiag {rF++ rC- MP+9 Int+3}
  3225 | D:5      | Found a sand-covered staircase.
  3233 | Ossuary  | Entered an ossuary
  3237 | Ossuary  | Reached * piety under Vehumet
  3237 | Ossuary  | Offered knowledge of Freeze by Vehumet.
  3737 | Ossuary  | Offered knowledge of Static Discharge by Vehumet.
  3741 | Ossuary  | Learned a level 2 spell: Static Discharge
  3745 | Ossuary  | Reached ** piety under Vehumet
  3979 | Ossuary  | Noticed Menkaure
  3994 | Ossuary  | Killed Menkaure
  4210 | D:5      | Offered knowledge of Mephitic Cloud by Vehumet.
  4259 | D:5      | Noticed Sigmund
  4270 | D:5      | Killed Sigmund
  4388 | D:5      | Reached XP level 8. HP: 22/41 MP: 18/20
  5078 | D:6      | Reached *** piety under Vehumet
  5611 | D:6      | Offered knowledge of Stone Arrow by Vehumet.
  5616 | D:6      | Learned a level 3 spell: Stone Arrow
  6218 | D:6      | Found a staircase to the Ecumenical Temple.
  6544 | D:7      | Reached XP level 9. HP: 45/45 MP: 23/23
  6892 | D:7      | Found an ornate altar of the Wu Jian Council.
  6894 | D:7      | Found a basalt altar of Yredelemnul.
  7076 | D:7      | Found a runed translucent door.
  7077 | D:7      | Noticed Crazy Yiuf
  7082 | D:7      | Killed Crazy Yiuf
  7413 | D:8      | Reached **** piety under Vehumet
  7630 | D:8      | HP: 1/45 [yak (9)]
  7632 | D:8      | Gained mutation: Your flesh is heat resistant. (rF+)
                  | [potion of mutation]
  7632 | D:8      | Gained mutation: You expend magic power (3 MP) to
                  | strengthen your wands. [potion of mutation]
  7632 | D:8      | Gained mutation: You are clumsy. (Dex -2) [potion of
                  | mutation]
  7632 | D:8      | Gained mutation: You are strong-willed. (Will+) [potion of
                  | mutation]
  7632 | D:8      | Slain by a yak

Illustrated notes

Levels and vault maps discovered:
D:1:      psy_arrival_dodecagon, layout_rooms
D:2:      layout_rooms, serial_undead, serial_undead_a, serial_undead_b,
          serial_undead_f, serial_undead_a, serial_undead_c, serial_undead_f,
          serial_undead_c, serial_undead_e, ebering_ecumenical_altar_webs
D:3:      layout_rooms, palyth_temple_overflow_mages
D:4:      layout_cave_pools, nicolae_uskayaw_en_pointe,
          nicolae_ru_sacrificial_ziggurat, uniq_duvessa
D:5:      layout_cave_pods, enter_ossuary_4, uniq_sigmund
D:6:      layout_cave_pods, minmay_temple_entry_stoned_glass
D:7:      layout_cave_pools, mainiacjoe_overflow_catwalk_spiral,
          serial_column_ruins, column_ruins_hut_water,
          column_ruins_square_medium, column_ruins_open_tiny,
          column_ruins_grid_1, column_ruins_open_small,
          column_ruins_open_medium, column_ruins_grid_1, grunt_ministairs_4,
          uniq_crazy_yiuf_cottage
D:8:      layout_loops_corners, slow_altar_1

Skill      XL: |  1  2  3  4  5  6  7  8  9 |
---------------+----------------------------+-----
Stealth        | 3 4 5 6 8 9 |  9.4
Dodging        | 3 4 5 6 7 8 |  8.7
Spellcasting   | 4 5 6 8 9 |  9.6
Conjurations   | 5 6 7 8 |  8.8

Action                     |  1- 3 |  4- 6 |  7- 9 || total
---------------------------+-------+-------+-------++-------
  Melee: Unarmed           |    10 |       |       ||    10
         Dagger            |     9 |    15 |    53 ||    77
   Cast: Magic Dart        |    91 |    36 |   278 ||   405
         Searing Ray       |     1 |     4 |    10 ||    15
         Stone Arrow       |       |       |    39 ||    39
         Static Discharge  |       |       |     2 ||     2
         Fulminant Prism   |       |       |     3 ||     3
    Use: Scroll            |       |       |    12 ||    12
         Potion            |       |       |     1 ||     1
 Armour: Robe              |    23 |    19 |   106 ||   148
  Dodge: Dodged            |    17 |    14 |   124 ||   155
